 Dungeon Crawl Stone Soup version 0.30-a0-779-g7971cf19c3 (webtiles) character file.

Game seed: 6802881759515590294

120 IndexError the Shooter (level 4, -2/26 HPs)
             Began as a Deep Elf Hexslinger on Feb 17, 2023.
             Slain by a phantom (5 damage)
             ... on level 4 of the Dungeon.
             The game lasted 00:04:48 (3227 turns).

IndexError the Shooter (Deep Elf Hexslinger)        Turns: 3227, Time: 00:04:49

Health: -2/26      AC:  2    Str:  7    XL:     4   Next: 75%
Magic:  8/8        EV: 13    Int: 18    God:
Gold:   188        SH:  0    Dex: 17    Spells: 5/6 levels left

rFire   . . .      SeeInvis .    a - +1 sling
rCold   . . .      Faith    .    (no shield)
rNeg    . . .      Spirit   .    c - +0 robe
rPois   .          Reflect  .    (no helmet)
rElec   .          Harm     .    (no cloak)
rCorr   .          Rampage  .    (no gloves)
Will    .....                    (no boots)
Stlth   ++                       (no amulet)
HPRegen 0.24/turn                (no ring)
MPRegen 0.11/turn                (no ring)

@: no status effects
A: no striking features
a: no special abilities


You were on level 4 of the Dungeon.
You visited 1 branch of the dungeon, and saw 4 of its levels.

You collected 188 gold pieces.

Inventory:

Hand Weapons
 a - a +1 sling (weapon)
Armour
 c - a +0 robe (worn)
 h - a +0 robe
   (You found it on level 1 of the Dungeon)
 j - a +0 ring mail
   (You took it off a kobold on level 1 of the Dungeon)
 o - a +0 leather armour
   (You found it on level 2 of the Dungeon)
 q - a +0 robe
   (You took it off Jessica on level 3 of the Dungeon)
 t - a +0 leather armour
   (You found it on level 3 of the Dungeon)
 u - a +0 ring mail
   (You found it on level 3 of the Dungeon)
Wands
 p - a wand of roots (8)
   (You found it on level 2 of the Dungeon)
 v - a wand of flame (13)
   (You found it on level 4 of the Dungeon)
Scrolls
 b - a scroll of poison {!r}
 f - a scroll of vulnerability {unknown}
 i - 4 scrolls of identify {unknown}
 l - 4 scrolls of amnesia {unknown}
 m - 2 scrolls of fog {unknown}
 n - 2 scrolls of enchant armour {unknown}
 s - 2 scrolls of teleportation {unknown}
 x - a scroll of fear {unknown}
Potions
 d - 2 potions of haste {unknown}
 e - a potion of magic {unknown}
 g - 3 potions of curing
 k - a potion of might {unknown}
 r - a potion of mutation {unknown}
 w - a potion of invisibility {unknown}


   Skills:
 + Level 2.0 Fighting
 * Level 5.1 Ranged Weapons
 - Level 2.4 Dodging
 - Level 1.5 Spellcasting
 + Level 5.0 Hexes


You had 5 spell levels left.
You knew the following spells:

 Your Spells              Type           Power      Damage    Failure   Level
s - Slow                  Hex            76%        N/A       2%          1

Your spell library contained the following spells:

 Spells                   Type           Power      Damage    Failure   Level
 Inner Flame              Hex/Fire       10%        N/A       21%         3
 Portal Projectile        Hex/Tloc       20%        N/A       21%         3
 Cause Fear               Hex            9%         N/A       24%         4
 Blink                    Tloc           2%         N/A       28%         2
 Lesser Beckoning         Tloc           2%         N/A       28%         2
 Momentum Strike          Conj/Tloc      2%         3d8       28%         2
 Ignite Poison            Fire/Tmut/Pois 1%         N/A       50%         3
 Sticky Flame             Conj/Fire      1%         2d3       88%         4
 Ignition                 Fire           0%         3d3       100%        8


Dungeon Overview and Level Annotations

Branches:
Dungeon (4/15)
 Temple: D:4-7

Altars:

Shops:
D:2 (

Annotations:
D:4 exclusion: ogre


Message History

MP restored: 8 Fire: a) +1 sling
Press: ? - help, Q - select action Shift-Dir - straight line, f/p - phantom
Aim: a phantom (heavily damaged, slow, 51% to hit)
You shoot a sling bullet.
The sling bullet hits the phantom but does no damage.
The phantom barely misses you.
Spoiler Alert: The phantom (slow) can hit for moderate damage in melee and blinks!
Fire: a) +1 sling
Press: ? - help, Q - select action Shift-Dir - straight line, f/p - phantom
Aim: a phantom (heavily damaged, slow, 51% to hit)
You shoot a sling bullet. The sling bullet misses the phantom.
The phantom hits you.
Spoiler Alert: The phantom (slow) can hit for moderate damage in melee and blinks!
You take 1 damage, and have 9/26 hp.
Fire: a) +1 sling
Press: ? - help, Q - select action Shift-Dir - straight line, f/p - phantom
Aim: a phantom (heavily damaged, slow, 51% to hit)
You shoot a sling bullet.
The sling bullet hits the phantom but does no damage.
The phantom hits you.
* * * LOW HITPOINT WARNING * * *
Spoiler Alert: The phantom (slow) can hit for moderate damage in melee and blinks!
You take 3 damage, and have 6/26 hp.
Fire: a) +1 sling
Press: ? - help, Q - select action Shift-Dir - straight line, f/p - phantom
Aim: a phantom (heavily damaged, slow, 51% to hit)
You shoot a sling bullet. The sling bullet hits the phantom.
Spoiler Alert: The phantom (slow) can hit for moderate damage in melee and blinks!
Fire: a) +1 sling
Press: ? - help, Q - select action Shift-Dir - straight line, f/p - phantom
Aim: a phantom (heavily damaged, slow, 51% to hit)
You shoot a sling bullet. The sling bullet misses the phantom.
The phantom hits you.
* * * LOW HITPOINT WARNING * * *
Spoiler Alert: The phantom (slow) can hit for moderate damage in melee and blinks!
You take 2 damage, and have 4/26 hp.
Fire: a) +1 sling
Press: ? - help, Q - select action Shift-Dir - straight line, f/p - phantom
Aim: a phantom (heavily damaged, slow, 51% to hit)
You shoot a sling bullet.
The sling bullet barely misses the phantom.
The phantom hits you.
* * * LOW HITPOINT WARNING * * *
The phantom blinks!
You blink.
Spoiler Alert: The phantom (slow) can hit for moderate damage in melee and blinks!
You take 1 damage, and have 3/26 hp.
Fire: a) +1 sling
Press: ? - help, Q - select action Shift-Dir - straight line, f/p - phantom
Aim: a phantom (heavily damaged, slow, 51% to hit)
You shoot a sling bullet. The sling bullet hits the phantom.
The phantom barely misses you.
Spoiler Alert: The phantom (slow) can hit for moderate damage in melee and blinks!
Fire: a) +1 sling
Press: ? - help, Q - select action Shift-Dir - straight line, f/p - phantom
Aim: a phantom (heavily damaged, slow, 51% to hit)
You shoot a sling bullet. The sling bullet hits the phantom.
Spoiler Alert: The phantom (slow) can hit for moderate damage in melee and blinks!
Fire: a) +1 sling
Press: ? - help, Q - select action Shift-Dir - straight line, f/p - phantom
Aim: a phantom (severely damaged, slow, 51% to hit)
You shoot a sling bullet.
The sling bullet barely misses the phantom.
The phantom hits you.
* * * LOW HITPOINT WARNING * * *
Spoiler Alert: The phantom (slow) can hit for moderate damage in melee and blinks!
You take 3 damage, and have 1/26 hp.
Fire: a) +1 sling
Press: ? - help, Q - select action Shift-Dir - straight line, f/p - phantom
Aim: a phantom (severely damaged, slow, 51% to hit)
You shoot a sling bullet. The sling bullet hits the phantom!
The phantom closely misses you.
Spoiler Alert: The phantom (slow) can hit for moderate damage in melee and blinks!
Fire: a) +1 sling
Press: ? - help, Q - select action Shift-Dir - straight line, f/p - phantom
Aim: a phantom (almost destroyed, slow, 51% to hit)
You shoot a sling bullet.
The sling bullet closely misses the phantom.
Spoiler Alert: The phantom (slow) can hit for moderate damage in melee and blinks!
Fire: a) +1 sling
Press: ? - help, Q - select action Shift-Dir - straight line, f/p - phantom
Aim: a phantom (almost destroyed, slow, 51% to hit)
You shoot a sling bullet.
The sling bullet closely misses the phantom.
The phantom is no longer moving slowly.
The phantom barely misses you.
Spoiler Alert: The phantom can hit for moderate damage in melee and blinks!
Fire: a) +1 sling
Press: ? - help, Q - select action Shift-Dir - straight line, f/p - phantom
Aim: a phantom (almost destroyed, 51% to hit)
You shoot a sling bullet.
The sling bullet barely misses the phantom.
The phantom misses you.
Spoiler Alert: The phantom can hit for moderate damage in melee and blinks!
Fire: a) +1 sling
Press: ? - help, Q - select action Shift-Dir - straight line, f/p - phantom
Aim: a phantom (almost destroyed, 51% to hit)
You shoot a sling bullet.
The sling bullet closely misses the phantom.
The phantom hits you.
You die...

#.##...........#
#.##.#.......#.#
#.##.##.#.##.#.#
#.##....#.##.#.# #
#.........##.#.# #
##########....#.# #
#......########.#######
#....>.................
#.....@W...............
#....รท.###.############
#......# #.# #......#
#......###.#####......#
#..........##.........#
#.......#####.##......#
#.......# #.#######.#
####....# ###.# #####.#
#....# #...# #...#.#


You could see a phantom.

Vanquished Creatures
  Jessica (D:3)
  4 adders
  A worm (D:4)
  A dart slug (D:3)
  5 bats
  6 endoplasms
  2 giant cockroaches
  4 hobgoblins
  3 quokkas
  5 ball pythons
  A frilled lizard (D:2)
  7 goblins
  9 kobolds
  3 rats (D:1)
52 creatures vanquished.

Notes
Turn   | Place    | Note
-------+----------+-------------------------------------------
     0 | D:1      | IndexError the Deep Elf Hexslinger began the quest for the
                  | Orb.
     0 | D:1      | Reached XP level 1. HP: 11/11 MP: 5/5
    22 | D:1      | You fall into a shaft and drop 1 floor!
    38 | D:1      | HP: 1/11 [kobold/+0 whip (5)]
   191 | D:1      | Reached skill level 3 in Ranged Weapons
   200 | D:1      | Reached skill level 1 in Fighting
   213 | D:1      | Reached XP level 2. HP: 16/16 MP: 6/6
   490 | D:1      | HP: 3/16 [kobold/+0 club (3)]
   882 | D:2      | Reached XP level 3. HP: 16/20 MP: 5/7
   951 | D:2      | Reached skill level 4 in Ranged Weapons
   967 | D:2      | HP: 3/20 [adder (3)]
  1110 | D:2      | Found Wyabb's Weapon Boutique.
  1556 | D:3      | Noticed Jessica
  1697 | D:3      | HP: 5/20 [goblin/+0 club (1)]
  1814 | D:3      | Reached XP level 4. HP: 24/25 MP: 8/8
  1857 | D:3      | Killed Jessica
  2687 | D:4      | Noticed a phantom
  2907 | D:4      | Reached skill level 5 in Ranged Weapons
  2978 | D:4      | Reached skill level 5 in Hexes
  3015 | D:4      | Noticed an ogre
  3042 | D:4      | Reached skill level 2 in Fighting
  3051 | D:4      | Noticed a scorpion
  3216 | D:4      | HP: 6/26 [phantom (4)]
  3222 | D:4      | HP: 1/26 [phantom (3)]
  3227 | D:4      | Slain by a phantom

Illustrated notes

Levels and vault maps discovered:
D:1:      kennysheep_arrival_seaside, layout_loops_ring, serial_park_tiny_2
D:2:      layout_loops_ring, serial_shops, shop
D:3:      layout_loops_ring, kennysheep_pointless_box, dreamdust_wishing_well,
          uniq_jessica
D:4:      layout_basic, uniq_menkaure

Skill      XL: |  1  2  3  4 |
---------------+-------------+-----
Ranged Weapons | 3 4 5 |  5.1
Fighting       | 1 2 |  2.0
Hexes          | 5 |  5.0
Dodging        | |  2.4
Spellcasting   | |  1.5

Action                     |  1- 3 |  4- 6 || total
---------------------------+-------+-------++-------
   Fire: Sling             |   156 |    83 ||   239
   Cast: Slow              |     5 |     9 ||    14
    Use: Potion            |     1 |       ||     1
 Armour: Robe              |    13 |     2 ||    15
  Dodge: Dodged            |    60 |    22 ||    82

Table legend: (Time is in decaauts)
 A = Elapsed time spent in this place.
 B = Non-inter-level travel time spent in this place.
 C = Inter-level travel time spent in this place.
 D = Time resting spent in this place.
 E = Time spent auto-exploring this place.
 F = Levels seen in this place.
 G = Mean time per level.
                   A        B        C        D        E       F      G
               +--------+--------+--------+--------+--------+-----+--------+
         Total |   3279 |   2887 |    392 |      0 |   2389 |   4 |  819.8 |
       Dungeon |   3279 |   2887 |    392 |      0 |   2389 |   4 |  819.8 |
               +--------+--------+--------+--------+--------+-----+--------+

Top non-repeatable levels by time:
     D:3: 1071 daAuts
     D:2: 820 daAuts
     D:1: 812 daAuts
     D:4: 575 daAuts

Table legend:
 A = Kills in this place as a percentage of kills in entire the game.
 B = Kills by you in this place as a percentage of kills by you in the entire game.
 C = Kills by friends in this place as a percentage of kills by friends in the entire game.
 D = Other kills in this place as a percentage of other kills in the entire game.
 E = Experience gained in this place as a percentage of experience gained in the entire game.
 F = Experience gained in this place divided by the number of levels of this place that you have seen.
                   A       B       C       D       E      F
               +-------+-------+-------+-------+-------+----------------------
         Total | 100.0 | 100.0 |   N/A |   N/A | 100.0 |  43.0
       Dungeon | 100.0 | 100.0 |   N/A |   N/A | 100.0 |  43.0
               +-------+-------+-------+-------+-------+----------------------
